 Dungeon Crawl Stone Soup version 0.25-a0-435-g4b9beb1024 (webtiles) character file.

Game seed: 14394187275564965456, levelgen mode: deterministic

772 Archen the Chopper (level 7, 0/62 HPs)
             Began as a Minotaur Berserker on Jan 29, 2020.
             Was a Priest of Trog.
             Killed from afar by an electric eel (14 damage)
             ... with a bolt of electricity
             ... on level 4 of the Dungeon.
             The game lasted 00:07:05 (2805 turns).

Archen the Chopper (Minotaur Berserker)             Turns: 2805, Time: 00:07:05

Health: 0/62       AC:  9    Str: 23    XL:     7   Next: 53%
Magic:  6/6        EV: 12    Int:  7    God:    Trog [***...]
Gold:   249        SH:  0    Dex: 10    Spells: 6/6 levels left

rFire    . . .     SeeInvis .   a - +0 hand axe
rCold    . . .     Gourm    .   (no shield)
rNeg     . . .     Faith    .   h - +1 scale mail
rPois    .         Spirit   .   (helmet restricted)
rElec    .         Reflect  .   o - +0 cloak
rCorr    .         Harm     .   (no gloves)
MR       .....                  (no boots)
Stlth    ..........             (no amulet)
HPRegen  0.20/turn              q - +3 ring of intelligence
MPRegen  0.10/turn              (no ring)

@: very slow
A: retaliatory headbutt, horns 2
a: Berserk, Trog's Hand, Renounce Religion


You were on level 4 of the Dungeon.
You worshipped Trog.
Trog was most pleased with you.
You were not hungry.

You visited 1 branch of the dungeon, and saw 4 of its levels.

You collected 249 gold pieces.

Inventory:

Hand Weapons
 a - a +0 hand axe (weapon)
Armour
 h - a +1 scale mail (worn)
 o - a +0 cloak (worn)
Jewellery
 q - a +3 ring of intelligence (left hand)
 u - an uncursed ring of ice {unknown}
Wands
 m - a wand of digging (10)
 v - a wand of iceblast (9)
 w - a wand of flame (24)
Scrolls
 b - 2 scrolls of blinking
 e - a scroll of immolation
 f - 2 scrolls of fear
 j - 3 scrolls of identify
 k - a scroll of fog
 l - 2 scrolls of teleportation {unknown}
 s - a scroll of remove curse
Potions
 g - 2 potions of agility {unknown}
 i - a potion of curing {unknown}
 n - 3 potions of brilliance {unknown}
 p - a potion of berserk rage {unknown}
 r - a potion of degeneration {unknown}
 t - 2 potions of magic {unknown}
Comestibles
 c - 7 rations
 d - 7 chunks of flesh


   Skills:
 + Level 5.7 Fighting
 * Level 7.4 Axes
 + Level 5.0 Armour
 + Level 4.6 Dodging


You had 6 spell levels left.
You didn't know any spells.
Your spell library was empty.

Dungeon Overview and Level Annotations

Branches:
Dungeon (4/15)             Temple (0/1) D:4

Altars:

Annotations:
D:4 1 transporter


Innate Abilities, Weirdness & Mutations

You reflexively headbutt those who attack you in melee.
You have a pair of horns on your head.


Message History

The bolt of electricity hits the plant!
You hit the plant but do no damage.
The plant is severely damaged.
You hit the plant.
The plant is severely damaged.
You are too injured to fight recklessly!
You hit the plant but do no damage.
The plant is severely damaged.
You hit the plant but do no damage. You headbutt the plant.
The plant is almost destroyed.
The electric eel shoots out a bolt of lightning at you!
The bolt of electricity hits you.
* * * LOW HITPOINT WARNING * * *
The bolt of electricity hits the plant! x2
The plant is destroyed!
You enter the shallow water.
Moving in this stuff is going to be slow.
The electric eel shoots out a bolt of lightning at you!
The bolt of electricity hits you!
You die...

# #.###.#....)..# #.........### #
#.............# #.........# #
###.........### #.........# #
#.....>...#######.........# #
#....................##.###
#####......##########....##.#
.................)..#....##<#
.#..###############.#....#######
....#8P#≈≈≈≈≈≈;#@8#.#..........#
....#..#P≈P≈P..#..#............#
...©#©/+≈PP♣≈.('.©#©..#.#......#
....#..#P≈P≈P..#..#...#.#..<...##
....#8P#≈≈≈≈≈≈;#P8#...#.#####....
....###############..##.#####....
.....(...............##.##.......
.............).....#.##.##.......
.<.##########....................


You could see 2 electric eels.

Vanquished Creatures
  A phantom (D:4)
  3 ogres (D:4)
  A scorpion (D:4)
  An orc priest (D:4)
  Crazy Yiuf (D:3)
  3 orc wizards (D:4)
  An iguana (D:4)
  Terence (D:2)
  A hound skeleton (D:4)
  A howler monkey skeleton (D:4)
  7 adders
  A worm (D:4)
  7 dart slugs
  2 leopard geckos
  5 orcs
  6 bats
  10 giant cockroaches
  6 goblins
  7 hobgoblins
  6 jackals
  2 quokkas
  A ball python (D:1)
  3 frilled lizards
  A jackal skeleton (D:4)
  8 kobolds
  6 rats
92 creatures vanquished.

Vanquished Creatures (others)
  A plant (D:4)
1 creature vanquished.

Grand Total: 93 creatures vanquished

Notes
Turn   | Place    | Note
-------+----------+-------------------------------------------
     0 | D:1      | Archen the Minotaur Berserker began the quest for the Orb.
     0 | D:1      | Reached XP level 1. HP: 19/19 MP: 0/0
    40 | D:1      | Reached XP level 2. HP: 14/27 MP: 1/1
   226 | D:1      | Reached skill level 4 in Axes
   410 | D:1      | Reached XP level 3. HP: 33/33 MP: 2/2
   453 | D:1      | Reached ** piety under Trog
   676 | D:2      | Noticed Terence
   685 | D:2      | Killed Terence
   783 | D:2      | Reached XP level 4. HP: 38/40 MP: 3/3
  1613 | D:3      | Reached skill level 5 in Axes
  1710 | D:3      | Found a runed translucent door.
  1711 | D:3      | Noticed Crazy Yiuf
  1839 | D:3      | Reached XP level 5. HP: 41/47 MP: 4/4
  2009 | D:3      | Reached *** piety under Trog
  2061 | D:3      | Killed Crazy Yiuf
  2115 | D:4      | Found a transporter.
  2225 | D:4      | Found a staircase to the Ecumenical Temple.
  2260 | D:4      | Found a transporter.
  2262 | D:4      | Noticed an ogre
  2268 | D:4      | Killed an ogre
  2268 | D:4      | Reached skill level 6 in Axes
  2268 | D:4      | Reached XP level 6. HP: 55/55 MP: 5/5
  2355 | D:4      | Reached skill level 5 in Fighting
  2394 | D:4      | Reached XP level 7. HP: 27/61 MP: 6/6
  2635 | D:4      | Reached skill level 7 in Axes
  2738 | D:4      | Reached skill level 5 in Armour
  2805 | D:4      | Killed from afar by an electric eel

Levels and vault maps discovered:
D:1:      dpeg_arrival_chase, layout_rooms, minmay_pentomino_s4
D:2:      layout_basic, serial_curves, eino_curves_03, eino_curves_02,
          kennysheep_generic_room_3, uniq_terence
D:3:      layout_rooms, uniq_crazy_yiuf_cottage
D:4:      gammafunk_steamed_eel, layout_basic, minmay_temple_entry_butterflies,
          first_ration, minmay_quadrilaterals

Skill      XL: |  1  2  3  4  5  6  7 |
---------------+----------------------+-----
Axes           | 4 5 6 7 |  7.4
Fighting       | 4 5 |  5.7
Armour         | 3 4 5 |  5.0
Dodging        | 3 4 |  4.6

Action                   |  1- 3 |  4- 6 |  7- 9 || total
-------------------------+-------+-------+-------++-------
Melee: Hand axe          |    72 |   120 |    44 ||   236
       Headbutt          |     7 |    20 |    13 ||    40
Invok: Berserk           |       |     1 |       ||     1
  Use: Scroll            |       |     7 |       ||     7
  Eat: Chunk             |       |     6 |     1 ||     7
Armor: Animal skin       |     5 |       |       ||     5
       Scale mail        |    25 |    46 |    24 ||    95
Dodge: Dodged            |    59 |    66 |    11 ||   136

Table legend:
 A = Non-vault XP
 B = Vault XP
 C = Vault XP percentage of total XP
 D = Non-vault monster count
 E = Vault monster count
 F = Vault count percentage of total count
                 A         B        C        D         E       F
            +---------+---------+-------+---------+---------+-------
      Total |    1005 |      99 |   9.0 |      85 |       7 |   7.6
            +---------+---------+-------+---------+---------+-------
        D:1 |      40 |       7 |  14.9 |      21 |       3 |  12.5
        D:2 |      45 |      36 |  44.4 |      16 |       1 |   5.9
        D:3 |      92 |      42 |  31.3 |      25 |       1 |   3.8
        D:4 |     828 |      14 |   1.7 |      23 |       2 |   8.0
            +---------+---------+-------+---------+---------+-------
